Unix NetHack Version 5.0.0-0 post-release - last build Jun 10 2026 00:39:30 (3ee93aec679c4c4259841fe613dc97188e26a321,branch:main).

Game began 2026-06-20 17:17:28, ended 2026-06-22 09:45:13.

Denia, lawful male human Monk

                                                        ----       ----
                                                 ----   |.!----  ---..---
                                                --..|   |*....|  |...^..|-----
                                                |...|   |-.--.| --......--.|.--
                                              ---..-    |..||.---......<.)^...|
                                              |....|   --.--|....%.........|..|
                                            ---.)|.|  --..| ----.......^...----
                                            |....|.-- |..--  ---....---)....|
                                            |....|..| |.--  --.....-- |-..----
                                           --....|-.| |.|   |......|  |...--.|
                                          --.....||.---.|   --..--.-----.....|
                                          |e@...--|.....|    ----|....||.....--
                                          -G....| -----.|       ---[..||......|
                                          G.....-     |.|       |..).----....--
                                         ----....     |.|       |....---|.^..--
                                            |.....-   -.|       |-.....|--.`..|
                                            -......    .|       |......---...--
                                             ...|.-    .-       |.......|....|
                                            --.----   -.        --..--...--..|
                                             ---      --         ----|..------
                                                                     ----
Denia the Initiate              St:25 Dx:13 Co:14 In:9 Wi:15 Ch:9  Lawful
Dlvl:7  $:200 HP:0(38) Pw:33(33) AC:6  Xp:6 T:2072 

Latest messages:
 $ - 23 gold pieces (200 in total).
 You see here a corroded thonged club.
 You feel your magical energy drain away!
 You see here a white gem.
 z - a white gem (3 in total).
 An arrow shoots out at you!
 You are hit by an arrow.
 The gnome lord picks up a crossbow bolt.
 The gnome lord picks up a corroded thonged club.
 The gnome lord wields a corroded thonged club!
 The gnome lord secures the tether on the thonged club.
 The gnome lord throws a thonged club!
 You are hit by a thonged club.
 You hit the gnome lord!
 You kill the gnome lord!
 You see here a giant spider corpse.
 A trap door in the ceiling opens and a rock falls on your head!
 You see here a fizzy potion.
 You stumble into a spider web!
 You tear through a web!
 You swap places with the peaceful dwarf.
 You hear some noises in the distance.
 You kill the gnome!
 A - a triangular amulet.
 B - a green gem.
 You hit the floating eye!
 You are frozen by the floating eye's gaze!
 The gnome shoots 2 arrows!
 You are hit by the 1st arrow.
 You are hit by the 2nd arrow.
 The gnome swings his bow.
 The gnome hits!
 The gnome swings his bow.
 The gnome hits!
 The gnome swings his bow.
 The gnome hits!
 The gnome swings his bow.
 The gnome hits!
 The gnome hurls a golden potion!
 The flask crashes on the gnome's head and breaks into shards.
 The golden potion evaporates.
 Call a golden potion: 
 The gnome swings his bow.
 The gnome hits!
 You die...
 Do you want your possessions identified? [ynq] (y) y
 Do you want to see your attributes? [ynq] (y) y
 Do you want an account of creatures vanquished? [ynaq] (y) y
 Do you want to see your conduct and achievements? [ynq] (y) y
 Do you want to see the dungeon overview? [ynq] (y) y

Inventory:
 Coins    ('$')
  $ - 200 gold pieces
 Amulets  ('"')
  A - an uncursed amulet of guarding
 Armor    ('[')
  k - a blessed rusty +1 pair of gauntlets of power (being worn)
  b - a blessed +1 robe (being worn)
 Comestibles  ('%')
  f - 4 uncursed apples
  e - 6 uncursed food rations
  h - 3 uncursed fortune cookies
  g - 6 uncursed oranges
 Scrolls  ('?')
  y - an uncursed scroll of confuse monster
  m - a cursed scroll of confuse monster
  t - an uncursed scroll of create monster
  u - an uncursed scroll of enchant armor
  r - a blessed scroll of gold detection
 Spellbooks  ('+')
  i - a blessed spellbook of confuse monster
  v - an uncursed spellbook of haste self
  q - an uncursed spellbook of healing
  p - an uncursed spellbook of knock
 Potions  ('!')
  d - an uncursed potion of healing
 Rings    ('=')
  w - an uncursed ring of free action
  n - an uncursed +1 ring of gain strength
 Wands    ('/')
  l - a wand of locking (0:7)
 Tools    ('(')
  j - a magic marker (0:20)
 Gems/Stones  ('*')
  x - an uncursed aquamarine stone
  o - an uncursed garnet stone
  B - an uncursed jade stone
  c - 2 uncursed worthless pieces of green glass
  s - an uncursed worthless piece of orange glass
  a - 3 uncursed worthless pieces of red glass
  z - 3 uncursed worthless pieces of white glass

Denia the Monk's attributes:

Background:
 You were an Initiate, a level 6 male human Monk.
 You were lawful, nominally on a mission for Shan Lai Ching
 who was opposed by Chih Sung-tzu (neutral) and Huan Ti (chaotic).
 You were right-handed.
 You were in the Gnomish Mines, on level 7.
 You entered the dungeon 2072 turns ago.
 You had 452 experience points, 188 more were needed to attain level 7.

Basics:
 You had 0 out of 38 hit points.
 You had all 33 energy points (spell power).
 Your armor class was 6.
 Your wallet contained 200 zorkmids.
 Autopickup was off.

Final Characteristics:
 Your strength was 25 (base:15, innate limit:18/100).
 Your dexterity was 13 (limit:18).
 Your constitution was 14 (limit:18).
 Your intelligence was 9 (limit:18).
 Your wisdom was 15 (limit:18).
 Your charisma was 9 (limit:18).

Final Status:
 You weren't hungry.
 You were unencumbered.
 You were empty handed.
 You had basic skill with martial arts.

Final Attributes:
 You were devoutly aligned.
 You were sleep resistant.
 You were poison resistant.
 You saw invisible.
 You were invisible to others.
 You were stealthy.
 You were guarded.
 Your spell casting was enhanced by wearing a robe.
 You were fast.
 You are dead.

Miscellaneous:
 You didn't encounter any bones levels.
 Total elapsed playing time was 40 minutes and 52 seconds.

Major events:
 Turn
    1: Denia the lawful male human Monk entered the dungeon
  756: attained the rank of Novice (level 3)
 1510: entered the Gnomish Mines
 1800: attained the rank of Initiate (level 6)
 2072: killed by a gnome, while frozen by a floating eye's gaze

Spells:
 Name                 Level Category     Fail Retention
 confuse monster        1   enchantment    0%  76%-100%

Skills:
 Fighting Skills
   martial arts       [Basic]
 Weapon Skills
   quarterstaff       [Unskilled]
   spear              [Unskilled]
   crossbow           [Unskilled]
   shuriken           [Unskilled]
 Spellcasting Skills
   attack spells      [Unskilled]
   healing spells     [Basic]
   divination spells  [Unskilled]
   enchantment spells [Unskilled]
   clerical spells    [Unskilled]
   escape spells      [Unskilled]
   matter spells      [Unskilled]

Voluntary challenges:
 Character rerolling was not enabled.
 You followed a strict vegan diet.
 You were an atheist.
 You never hit with a wielded weapon.
 You never genocided any monsters.
 You never polymorphed an object.
 You never changed form.
 You used no wishes.
Achievements:
 You entered a shop.
 You attained the rank of Novice.
 You entered the Gnomish Mines.
 You attained the rank of Initiate.

 The Dungeons of Doom: levels 1 to 6
    Level 1:
       A fountain.
    Level 2:
       A vegetarian food shop, an altar, a fountain.
    Level 3:
       A general store, a sink.
    Level 4:
       An armor shop.
       Stairs down to The Gnomish Mines.
    Level 5:
    Level 6:
 The Gnomish Mines: levels 5 to 7
    Level 5:
    Level 6:
    Level 7: <- You were here.
       Final resting place for
          you, killed by a gnome, while frozen by a floating eye's gaze.


Vanquished creatures:
  a leprechaun
  a giant spider
  a gnome ruler
  a water nymph
  5 gnome leaders
  a kobold mummy
  a little dog
  4 dwarves
  a homunculus
  a rabid rat
  a gas spore
  a hobbit
  2 manes
  a large kobold
  a hobgoblin
  a yellow mold
  a green mold
 22 gnomes
  4 garter snakes
  2 geckos
  2 jackals
  a fox
  2 sewer rats
  3 grid bugs
  2 bats
  5 lichens
  5 newts
73 creatures vanquished.

No species were genocided or became extinct.

Game over:
                       ----------
                      /          \
                     /    REST    \
                    /      IN      \
                   /     PEACE      \
                  /                  \
                  |      Denia       |
                  |      200 Au      |
                  |   killed by a    |
                  |      gnome       |
                  |                  |
                  |                  |
                  |       2026       |
                 *|     *  *  *      | *
        _________)/\\_//(\/(/\)/\//\/|_)_______

Goodbye Denia the Monk...

You died in The Gnomish Mines on dungeon level 7 with 2288 points,
and 200 pieces of gold, after 2072 moves.
You were level 6 with a maximum of 38 hit points when you died.

